 Dungeon Crawl Stone Soup version 0.27-a0-1123-g2f9bb313c0 (webtiles) character file.

Game seed: 12825788701273142889

1467 Zeld the Chucker (level 8, -5/57 HPs)
             Began as an Octopode Fighter on May 3, 2021.
             Slain by a hornet zombie (8 damage)
             ... on level 5 of the Dungeon.
             The game lasted 00:06:15 (8270 turns).

Zeld the Chucker (Octopode Fighter)                 Turns: 8270, Time: 00:06:16

Health: -5/57      AC:  1    Str: 17    XL:     8   Next: 77%
Magic:  8/8        EV: 11    Int: 11    God:
Gold:   200        SH: 10    Dex: 11    Spells: 7/7 levels left

rFire    + . .     SeeInvis .   a - +0 war axe
rCold    . . .     Faith    .   b - +0 kite shield
rNeg     . . .     Spirit   .   (helmet restricted)
rPois    .         Reflect  .   w - amulet of the acrobat
rElec    .         Harm     .   i - ring of willpower
rCorr    .         Rampage  .   r - ring of protection from fire
Will     +....                  (no ring)
Stlth    ++........             (no ring)
HPRegen  0.19/turn              (no ring)
MPRegen  0.11/turn              (no ring)
                                (no ring)
                                (no ring)

@: mighty
A: almost no armour, amphibious, 8 rings, camouflage 1, gelatinous body 1,
(nimble swimmer 1), tentacles
a: no special abilities


You were on level 5 of the Dungeon.
You visited 1 branch of the dungeon, and saw 5 of its levels.

You collected 200 gold pieces.

Inventory:

Hand Weapons
 a - a +0 war axe (weapon)
Missiles
 l - 21 poisoned darts (quivered)
Armour
 b - a +0 kite shield (worn)
Jewellery
 i - a ring of willpower (left tentacle)
 r - a ring of protection from fire (right tentacle)
 w - an amulet of the acrobat (around mantle)
Wands
 p - a wand of iceblast (5)
Scrolls
 c - 2 scrolls of identify {unknown}
 e - a scroll of holy word {unknown}
 j - a scroll of immolation {unknown}
 k - a scroll of amnesia {unknown}
 n - a scroll of noise {unknown}
 o - a scroll of fear {unknown}
 q - 3 scrolls of teleportation {unknown}
 t - a scroll of magic mapping {unknown}
 y - 2 scrolls of blinking {unknown}
 z - a scroll of enchant armour {unknown}
Potions
 d - a potion of haste
 f - a potion of brilliance {unknown}
 g - a potion of heal wounds {unknown}
 h - a potion of attraction {unknown}
 m - 2 potions of curing {unknown}
 s - a potion of mutation {unknown}
 u - a potion of invisibility {unknown}
 v - a potion of might
 x - a potion of flight {unknown}


   Skills:
 - Level 5.8 Fighting
 - Level 5.2 Axes
 * Level 5.9 Throwing
 - Level 3.0 Dodging
 - Level 5.7 Shields


You had 7 spell levels left.
You didn't know any spells.
Your spell library contained the following spells:

 Spells                   Type           Power      Damage    Failure   Level
 Beastly Appendage        Tmut           0%         N/A       75%         1
 Wereblood                Tmut           0%         N/A       87%         2
 Spider Form              Tmut/Pois      0%         N/A       98%         3
 Ice Form                 Ice/Tmut       0%         N/A       100%        4
 Hydra Form               Tmut           0%         N/A       100%        5


Dungeon Overview and Level Annotations

Branches:
Dungeon (5/15)
 Temple: D:4-7

Altars:


Innate Abilities, Weirdness & Mutations

You cannot wear most types of armour.
You are amphibious.
You can wear up to eight rings at the same time.
Your skin changes colour to match your surroundings (Stealth+).
Your rubbery body absorbs attacks. (AC +1, EV +1)
((You are camouflaged near water. (Stealth+)))
You have tentacles for arms and can constrict up to eight enemies at once.


Message History

y - 2 scrolls labelled TUSYSTI JOCLUAPH (gained 1)
You see here 17 stones.
A hornet zombie comes into view.
A hornet zombie is nearby!
A hornet zombie is nearby!
You hit the hornet zombie but do no damage.
Your grab misses the hornet zombie. The hornet zombie hits you.
You completely miss the hornet zombie. Your grab misses the hornet zombie.
Your squeeze misses the hornet zombie. You block the hornet zombie's attack.
The hornet zombie hits you!
Your shield prevents you from hitting the hornet zombie.
Your grab misses the hornet zombie. The hornet zombie hits you.
The hornet zombie closely misses you.
You closely miss the hornet zombie. You grab the hornet zombie.
You constrict the hornet zombie. You block the hornet zombie's attack.
The hornet zombie hits you.
You hit the hornet zombie.
You squeeze the hornet zombie, but do no damage.
The hornet zombie is lightly damaged.
You constrict the hornet zombie. The hornet zombie hits you.
You block the hornet zombie's attack.
You hit the hornet zombie but do no damage.
Your squeeze misses the hornet zombie.
The hornet zombie is lightly damaged.
You constrict the hornet zombie.
You block the hornet zombie's attack. x2
You slash the hornet zombie! You squeeze the hornet zombie.
The hornet zombie is heavily damaged.
You constrict the hornet zombie. The hornet zombie hits you!
* * * LOW HITPOINT WARNING * * *
The hornet zombie hits you but does no damage.
You are too injured to fight recklessly!
You are too injured to fight recklessly!
You feel very mighty all of a sudden.
You constrict the hornet zombie. You block the hornet zombie's attack.
You hit the hornet zombie but do no damage.
The hornet zombie is heavily damaged.
You constrict the hornet zombie. The hornet zombie hits you!
* * * LOW HITPOINT WARNING * * *
The hornet zombie hits you!
You die...

#####'#.####.#..#.....#
#.#.# #......#.#... ###
#.#.######........##
..###.#.#......>........
..'###########....######
..## #....+ ..# #....#
..# #....# ..# #..@Z#
..# #$......# ..#
#######.# ### #


You could see a hornet zombie.

Vanquished Creatures
  Grinder (D:4)
  Sigmund (D:4)
  Eustachio (D:4)
  An ogre (D:4)
  A phantom (D:5)
  4 scorpions
  A bullfrog zombie (D:5)
  A gnoll shaman (D:3)
  Jessica (D:3)
  Ijyb (D:3)
  Natasha (thrice) (D:2)
  An iguana (D:3)
  2 orc wizards (D:5)
  A hound skeleton (D:5)
  A howler monkey zombie (D:5)
  10 adders
  11 gnolls
  An ufetubus (D:4)
  An adder skeleton (D:4)
  A dart slug (D:1)
  12 orcs
  2 ball pythons
  4 endoplasms
  3 giant cockroaches
  4 goblins
  6 hobgoblins
  7 jackals
  7 kobolds
  3 quokkas
  2 bats
  A frilled lizard (D:2)
  6 rats
102 creatures vanquished.

Notes
Turn   | Place    | Note
-------+----------+-------------------------------------------
     0 | D:1      | Zeld the Octopode Fighter began the quest for the Orb.
     0 | D:1      | Reached XP level 1. HP: 16/16 MP: 1/1
   129 | D:2      | Noticed Natasha
   263 | D:4      | Noticed Sigmund
   263 | D:4      | Noticed Eustachio
   297 | D:3      | Reached XP level 2. HP: 21/21 MP: 2/2
   496 | D:1      | Reached XP level 3. HP: 26/26 MP: 3/3
  1397 | D:2      | Reached XP level 4. HP: 15/32 MP: 4/4
  2528 | D:2      | Killed Natasha
  2529 | D:2      | Reached XP level 5. HP: 31/37 MP: 5/5
  2702 | D:2      | Noticed Natasha
  2707 | D:2      | Killed Natasha
  2822 | D:2      | Noticed Natasha
  2825 | D:2      | Killed Natasha
  3215 | D:3      | Noticed Jessica
  3226 | D:3      | Killed Jessica
  3610 | D:3      | Reached XP level 6. HP: 40/44 MP: 6/6
  3650 | D:3      | Noticed Ijyb
  3711 | D:3      | Killed Ijyb
  4362 | D:4      | Noticed Grinder
  4370 | D:4      | Reached skill level 5 in Fighting
  4384 | D:4      | Killed Grinder
  4385 | D:4      | Reached skill level 5 in Shields
  4385 | D:4      | Reached XP level 7. HP: 12/50 MP: 7/7
  4911 | D:4      | Reached skill level 5 in Axes
  6459 | D:4      | Killed Sigmund
  6460 | D:4      | Reached XP level 8. HP: 45/57 MP: 8/8
  6591 | D:4      | Killed Eustachio
  6809 | D:5      | Entered Level 5 of the Dungeon
  7093 | D:5      | Reached skill level 5 in Throwing
  8270 | D:5      | Slain by a hornet zombie

Illustrated notes

Levels and vault maps discovered:
D:1:      amcnicky_arrival_single_pillar, layout_loops_ring
D:2:      layout_loops_ring, uniq_natasha
D:3:      layout_loops_ring, uniq_ijyb, uniq_jessica
D:4:      layout_rooms, uniq_sigmund, uniq_grinder, uniq_eustachio
D:5:      layout_basic, serial_glass, glass_columns_a, glass_columns_a,
          uniq_crazy_yiuf_cottage

Skill      XL: |  1  2  3  4  5  6  7  8 |
---------------+-------------------------+-----
Axes           | 3 4 5 |  5.2
Fighting       | 4 5 |  5.8
Shields        | 4 5 |  5.7
Throwing       | 2 5 |  5.9
Dodging        | |  3.0

Action                   |  1- 3 |  4- 6 |  7- 9 || total
-------------------------+-------+-------+-------++-------
Melee: War axe           |    59 |    89 |   104 ||   252
       Constrict         |    15 |    24 |    25 ||    64
       Tentacles         |     6 |    19 |    15 ||    40
Throw: Dart              |       |       |     7 ||     7
  Use: Potion            |       |     2 |     1 ||     3
 Stab: Sleeping          |     5 |     8 |       ||    13
Armor: Skin              |     9 |     2 |     3 ||    14
Dodge: Dodged            |    22 |    36 |    53 ||   111
Block: Kite shield       |    31 |    34 |    65 ||   130

Table legend: (Time is in decaauts)
 A = Elapsed time spent in this place.
 B = Non-inter-level travel time spent in this place.
 C = Inter-level travel time spent in this place.
 D = Time resting spent in this place.
 E = Time spent auto-exploring this place.
 F = Levels seen in this place.
 G = Mean time per level.
                   A        B        C        D        E       F      G
               +--------+--------+--------+--------+--------+-----+--------+
         Total |   8390 |   8240 |    150 |   2625 |   4626 |   5 | 1678.0 |
       Dungeon |   8390 |   8240 |    150 |   2625 |   4626 |   5 | 1678.0 |
               +--------+--------+--------+--------+--------+-----+--------+

Top non-repeatable levels by time:
     D:3: 2500 daAuts
     D:2: 2231 daAuts
     D:4: 1911 daAuts
     D:5: 873 daAuts
     D:1: 872 daAuts
